 Dungeon Crawl Stone Soup version 0.26-a0-926-g43279f1ce9 (webtiles) character file.

Game seed: 12935723374107976075

61 Decritt the Conjurer (level 3, -4/19 HPs)
             Began as a Deep Elf Conjurer on Nov 26, 2020.
             Was an Initiate of Ashenzari.
             Slain by a black bear (13 damage)
             ... on level 3 of the Dungeon.
             The game lasted 00:08:55 (2019 turns).

Decritt the Conjurer (Deep Elf Conjurer)            Turns: 2019, Time: 00:08:55

Health: -4/19      AC:  3    Str:  4    XL:     3   Next: 83%
Magic:  3/10       EV: 11    Int: 23    God:    Ashenzari [......]
Gold:   138        SH:  3    Dex:  9    Spells: 9/10 levels left

rFire    . . .     SeeInvis .   j - +4 dagger
rCold    . . .     Faith    .   d - +0 buckler
rNeg     . . .     Spirit   .   a - +0 robe
rPois    +         Reflect  .   s - +0 hat
rElec    .         Harm     .   i - scarf {repulsion}
rCorr    .         Rampage  .   (no gloves)
MR       .....                  m - +0 pair of boots
Stlth    ++........             (no amulet)
HPRegen  0.06/turn              n - ring of poison resistance
MPRegen  0.12/turn              q - -4 ring of dexterity (curse)

@: repel missiles
A: no striking features
a: Curse Item, Renounce Religion


You were on level 3 of the Dungeon.
You worshipped Ashenzari.
Ashenzari was noncommittal.
You visited 1 branch of the dungeon, and saw 3 of its levels.

You collected 138 gold pieces.

Inventory:

Hand Weapons
 e - a +0 spear
 j - a +4 dagger (weapon)
Missiles
 c - 7 boomerangs
Armour
 a - a +0 robe (worn)
 d - a +0 buckler (worn)
 i - a scarf of repulsion (worn)
 m - a +0 pair of boots (worn)
 s - a +0 hat (worn)
Jewellery
 n - a ring of poison resistance (left hand)
 q - a cursed -4 ring of dexterity (right hand)
Scrolls
 b - a scroll of teleportation {unknown}
 h - a scroll of identify {unknown}
 l - a scroll of blinking {unknown}
 p - a scroll of magic mapping {unknown}
 r - 2 scrolls of remove curse
 v - a scroll of noise {unknown}
Potions
 f - a potion of flight {unknown}
 g - a potion of haste {unknown}
 k - a potion of degeneration {unknown}
 o - a potion of lignification {unknown}
 t - a potion of heal wounds {unknown}
 u - a potion of berserk rage {unknown}


   Skills:
 * Level 0.2 Fighting
 - Level 2.4 Dodging
 - Level 2.4 Stealth
 * Level 0.1 Shields
 - Level 4.0 Spellcasting
 + Level 5.5 Conjurations


You had 9 spell levels left.
You knew the following spells:

 Your Spells              Type           Power        Failure   Level
a - Magic Dart            Conj           ####         1%          1

Your spell library contained the following spells:

 Spells                   Type           Power        Failure   Level
 Searing Ray              Conj           ####..       2%          2
 Dazzling Flash           Conj/Hex       ###...       16%         3
 Fulminant Prism          Conj/Hex       ###.......   47%         4
 Iskenderun's Mystic Bla  Conj/Tloc      ###.....     47%         4


Dungeon Overview and Level Annotations

Branches:
Dungeon (3/15)

Altars:
Ashenzari
Kikubaaqudgha


Message History

Aiming: Magic Dart (safe; 1% risk of failure)
Press: ? - help, Shift-Dir - straight line, f/p - black bear
Aim: a black bear (severely wounded, 0% to evade)
The magic dart hits the black bear.
The black bear is almost dead.
The black bear goes berserk!
Casting: Magic Dart (safe; 1% risk of failure)
Confirm with . or Enter, or press ? or * to list all spells.
Aiming: Magic Dart (safe; 1% risk of failure)
Press: ? - help, Shift-Dir - straight line, f/p - black bear
Aim: a black bear (almost dead, berserk, 0% to evade)
The magic dart hits the black bear but does no damage.
The black bear is almost dead.
The black bear bites you.
* * * LOW HITPOINT WARNING * * *
The black bear barely misses you.
The black bear claws you but does no damage.
The black bear bites you!
Ouch! That really hurt!
You die...

.##.(......#
#.#
.####......#
#.# .#
#......# #.#
.####......#
##.#######
.'........##
#.^......#
.#######..#
#........#
..........#
#........#
.########.#
#........#
.'...# .#
##@#######
.###.# #h#
.# #.# ...
..! ..## ...
... #....
### #....
#.....


You could see a black bear (berserk).

Vanquished Creatures
  2 adders (D:2)
  A gnoll (D:1)
  A worm (D:2)
  4 goblins
  4 hobgoblins
  8 bats
  A frilled lizard (D:1)
  7 kobolds
  5 rats
33 creatures vanquished.

Notes
Turn   | Place    | Note
-------+----------+-------------------------------------------
     0 | D:1      | Decritt the Deep Elf Conjurer began the quest for the Orb.
     0 | D:1      | Reached XP level 1. HP: 10/10 MP: 6/6
    18 | D:1      | Learned a level 1 spell: Magic Dart
    43 | D:1      | Reached XP level 2. HP: 15/15 MP: 2/8
   451 | D:1      | Reached skill level 5 in Conjurations
   878 | D:2      | Reached XP level 3. HP: 19/19 MP: 3/10
   981 | D:2      | Found an ancient bone altar of Kikubaaqudgha.
  1094 | D:2      | Found a broken altar of Ashenzari.
  1801 | D:2      | Became a worshipper of Ashenzari the Shackled
  2012 | D:3      | Noticed a black bear
  2019 | D:3      | Slain by a black bear

Illustrated notes

Levels and vault maps discovered:
D:1:      mrwooster_arrival_statue_2, layout_basic
D:2:      layout_loops_ring, kiku_gazebo_garden_becter,
          nicolae_ashenzari_panopticon
D:3:      layout_basic

Skill      XL: |  1  2  3 |
---------------+----------+-----
Conjurations   | 5 |  5.5
Spellcasting   | 4 |  4.0
Fighting       | |  0.2
Dodging        | |  2.4
Stealth        | |  2.4
Shields        | |  0.1

Action                   || total
-------------------------++-------
Melee: Spear             ||     4
       Dagger            ||     9
 Cast: Magic Dart        ||    62
Armor: Robe              ||     3
Dodge: Dodged            ||    11
Block: Buckler           ||     2

Table legend: (Time is in decaauts)
 A = Elapsed time spent in this place.
 B = Non-inter-level travel time spent in this place.
 C = Inter-level travel time spent in this place.
 D = Time resting spent in this place.
 E = Time spent auto-exploring this place.
 F = Levels seen in this place.
 G = Mean time per level.
                   A        B        C        D        E       F      G
               +--------+--------+--------+--------+--------+-----+--------+
         Total |   2017 |   1935 |     82 |      0 |   1647 |   3 |  672.3 |
       Dungeon |   2017 |   1935 |     82 |      0 |   1647 |   3 |  672.3 |
               +--------+--------+--------+--------+--------+-----+--------+

Top non-repeatable levels by time:
     D:2: 984 daAuts
     D:1: 858 daAuts
     D:3: 173 daAuts
